 Dungeon Crawl Stone Soup version 0.30-a0-755-g0b50240ab4 (webtiles) character file.

Game seed: 6421629876415420986

4 Ijustatesigmund the Grave Robber (level 1, -3/14 HPs)
             Began as a Demonspawn Necromancer on Feb 9, 2023.
             Slain by a gnoll
             ... wielding a +0 club
              (6 damage)
             ... on level 1 of the Dungeon.
             The game lasted 00:01:00 (134 turns).

Ijustatesigmund the Grave Robber (DsNe)              Turns: 134, Time: 00:01:00

Health: -3/14      AC:  3    Str:  8    XL:     1   Next: 58%
Magic:  0/3        EV: 12    Int: 16    God:
Gold:   22         SH:  0    Dex: 13    Spells: 3/4 levels left

rFire   . . .      SeeInvis .    c - +0 hand axe
rCold   . . .      Faith    .    (no shield)
rNeg    . . .      Spirit   .    a - +1 robe
rPois   .          Reflect  .    (no helmet)
rElec   .          Harm     .    (no cloak)
rCorr   .          Rampage  .    (no gloves)
Will    .....                    (no boots)
Stlth   ++                       (no amulet)
HPRegen 0.22/turn                (no ring)
MPRegen 0.08/turn                (no ring)

@: no status effects
A: no striking features
a: no special abilities


You were on level 1 of the Dungeon.
You visited 1 branch of the dungeon, and saw 1 of its levels.

You collected 22 gold pieces.

Inventory:

Hand Weapons
 c - a +0 hand axe (weapon)
Armour
 a - a +1 robe (worn)
Jewellery
 f - a ring of protection from fire
Scrolls
 d - a scroll of noise {unknown}
Potions
 b - a potion of magic
 e - a potion of resistance {unknown}
 g - a potion of brilliance {unknown}


   Skills:
 + Level 0.4 Fighting
 - Level 1.7 Dodging
 - Level 1.7 Stealth
 + Level 2.1 Spellcasting
 + Level 4.4 Necromancy


You had 3 spell levels left.
You knew the following spells:

 Your Spells              Type           Power      Damage    Failure   Level
a - Necrotise             Necr           64%        1d7       3%          1

Your spell library contained the following spells:

 Spells                   Type           Power      Damage    Failure   Level
 Vampiric Draining        Necr           16%        2d7       10%         3
 Animate Dead             Necr           16%        N/A       32%         4
 Agony                    Necr           16%        N/A       65%         5


Dungeon Overview and Level Annotations

Branches:
Dungeon (1/15)

Altars:


Message History

Casting: Necrotise (safe; 3% risk of failure)
Confirm with . or Enter, or press ? or * to list all spells.
Aiming: Necrotise (safe; 3% risk of failure)
Press: ? - help, Shift-Dir - straight line, f - gnoll
Aim: a gnoll, wielding a +0 club (chance to affect: 80%)
The gnoll writhes in agony.
Casting: Necrotise (safe; 3% risk of failure)
Confirm with . or Enter, or press ? or * to list all spells.
Aiming: Necrotise (safe; 3% risk of failure)
Press: ? - help, Shift-Dir - straight line, f/p - gnoll
Aim: a gnoll, wielding a +0 club (moderately wounded, chance to affect: 80%)
The gnoll barely resists.
Casting: Necrotise (safe; 3% risk of failure)
Confirm with . or Enter, or press ? or * to list all spells.
Aiming: Necrotise (safe; 3% risk of failure)
Press: ? - help, Shift-Dir - straight line, f/p - gnoll
Aim: a gnoll, wielding a +0 club (moderately wounded, chance to affect: 80%)
The gnoll barely resists.
Casting: Necrotise (safe; 3% risk of failure)
Confirm with . or Enter, or press ? or * to list all spells.
You don't have enough magic to cast this spell.
The gnoll closely misses you.
You closely miss the gnoll.
The gnoll is moderately wounded.
The gnoll closely misses you.
You closely miss the gnoll.
The gnoll is moderately wounded.
The gnoll barely misses you. The gnoll hits you with a +0 club.
You hit the gnoll.
The gnoll is heavily wounded.
The gnoll hits you with a +0 club.
You barely miss the gnoll.
The gnoll is moderately wounded.
The gnoll closely misses you.
You closely miss the gnoll.
The gnoll is moderately wounded.
The gnoll hits you with a +0 club.
* * * LOW HITPOINT WARNING * * *
The gnoll hits you with a +0 club.
You die...

*** *****************.#
*,,,,,,,,,,,,,,,..#
**,*************#.# *#**,*
#.# *....####### ######.#####
*,**#..g@..# #........#..
*,**#.####.###........#..
*,**,.>,,#........)...#..
*,**,....#..........#....
*****,,,................†)...
*,,,,,,,...#......###.###....
**,***,,.,,#......#.....#....
*,* *,,,,,#......##...##....
*,* *,,,,...#....#.....#....


You could see a gnoll.

Vanquished Creatures
  A goblin (D:1)
  A hobgoblin (D:1)
  A bat (D:1)
  A kobold (D:1)
  A rat (D:1)
5 creatures vanquished.

Notes
Turn   | Place    | Note
-------+----------+-------------------------------------------
     0 | D:1      | Ijustatesigmund the Demonspawn Necromancer began the quest
                  | for the Orb.
     0 | D:1      | Reached XP level 1. HP: 13/13 MP: 3/3
   134 | D:1      | Slain by a gnoll

Illustrated notes

Levels and vault maps discovered:
D:1:      lightli_arrival_noodles, layout_basic, serial_shops, shop,
          chequers_serial_rivers_large_a, minmay_misc_feat_tiny,
          minmay_split_cup_large

Action                     || total
---------------------------++-------
  Melee: Hand axe          ||    22
         Punch             ||     1
   Cast: Necrotise         ||     7
    Use: Scroll            ||     2
 Armour: Robe              ||    10
  Dodge: Dodged            ||    16

Table legend: (Time is in decaauts)
 A = Elapsed time spent in this place.
 B = Non-inter-level travel time spent in this place.
 C = Inter-level travel time spent in this place.
 D = Time resting spent in this place.
 E = Time spent auto-exploring this place.
 F = Levels seen in this place.
 G = Mean time per level.
                   A        B        C        D        E       F      G
               +--------+--------+--------+--------+--------+-----+--------+
         Total |    139 |    139 |      0 |     19 |     58 |   1 |  139.0 |
       Dungeon |    139 |    139 |      0 |     19 |     58 |   1 |  139.0 |
               +--------+--------+--------+--------+--------+-----+--------+

Top non-repeatable levels by time:
     D:1: 139 daAuts
